 Dungeon Crawl Stone Soup version 0.30.0 (webtiles) character file.

Game seed: 2587536204795550198

934 Mode7 the Basher (level 7, -11/57 HPs)
             Began as a Minotaur Berserker on Nov 27, 2023.
             Was a Believer of Trog.
             Killed from afar by Maggie (20 damage)
             ... with a bolt of fire
             ... on level 6 of the Dungeon.
             The game lasted 00:17:41 (4563 turns).

Mode7 the Basher (Minotaur Berserker)               Turns: 4563, Time: 00:17:41

Health: -11/57     AC:  8    Str: 23    XL:     7   Next: 86%
Magic:  6/6        EV:  5    Int:  4    God:    Trog [**....]
Gold:   256        SH: 11    Dex: 10    Spells: 6/6 levels left

rFire   . . .        a - +0 mace
rCold   . . .        b - +2 tower shield
rNeg    . . .        h - +0 chain mail
rPois   .            (helmet restricted)
rElec   .            k - scarf {repulsion}
rCorr   .            (no gloves)
SInv    .            (no boots)
Will    ++...        (no amulet) Stlth
                     (no ring)
HPRegen 1.29/turn    (no ring)
MPRegen 0.10/turn

%: repel missiles
@: strong-willed, mesmerised, regenerating
A: horns 2, retaliatory headbutt
a: Renounce Religion, Berserk, Trog's Hand


You were on level 6 of the Dungeon.
You worshipped Trog.
Trog was pleased with you.
You visited 1 branch of the dungeon, and saw 6 of its levels.

You collected 256 gold pieces.

Inventory:

Hand Weapons
 a - a +0 mace (weapon)
Missiles
 d - 32 stones (quivered)
Armour
 b - a +2 tower shield (worn)
 h - a +0 chain mail (worn)
 k - a scarf of repulsion (worn)
 o - a +0 pair of gloves
Jewellery
 u - a ring of resist corrosion
Wands
 n - a wand of flame (15)
 r - a wand of iceblast (13)
Scrolls
 e - a scroll of enchant armour
 p - 2 scrolls of fog
 s - a scroll of blinking {unknown}
 t - a scroll of fear {unknown}
Potions
 c - 4 potions of brilliance
 f - 2 potions of ambrosia
 g - a potion of might {unknown}
 i - 2 potions of lignification
 j - a potion of curing {unknown}
 l - 2 potions of haste {unknown}
 m - 2 potions of flight
 q - a potion of berserk rage {unknown}


   Skills:
 - Level 3.6 Fighting
 + Level 11.3 Maces & Flails
 - Level 2.4 Armour
 - Level 2.1 Dodging


You had 6 spell levels left.
You didn't know any spells.
Your spell library was empty.

Dungeon Overview and Level Annotations

Branches:
Dungeon (5/15)             Temple (0/1) D:4

Altars:
Okawaru
Wu Jian

Annotations:
D:6 Maggie, Menkaure


Innate Abilities, Weirdness & Mutations

You have a pair of horns on your head.
You reflexively headbutt those who attack you in melee.


Message History

Things that are here:
a +0 spear; a gnoll corpse
Found a chain mail.
A sourceless malevolence fills the Dungeon...
You fall into a shaft and drop 1 floor!
The shaft crumbles and collapses.
Menkaure, Prince of Dust comes into view.
Menkaure shouts!
Maggie the Vainglorious comes into view.
She is wielding a +3 halberd of flaming.
Found a pink potion.
Maggie shouts!
Maggie smiles, but it's obviously fake.
Menkaure casts a spell.
Menkaure seems to speed up.
Menkaure giggles, "These cerements are ticklish..."
Menkaure calls on the powers of darkness!
Maggie convulses!
Your body is wracked with pain!
Menkaure hums drily.
Maggie mumbles some strange words.
Maggie attempts to bespell you! You resist with almost no effort.
As you read the scroll of fog, it crumbles to dust.
The scroll dissolves into smoke.
Maggie is nearby!
Maggie gestures wildly while chanting.
Maggie attempts to bespell you!
You are mesmerised by Maggie!
You cannot move away from Maggie!
Your skin crawls.
You feel strong-willed.
Menkaure calls on the powers of darkness!
Maggie convulses!
Your body is wracked with pain!
Maggie hits you from afar with a +3 halberd of flaming!
* * * LOW HITPOINT WARNING * * *
Maggie burns you.
* * * LOW HITPOINT WARNING * * *
You are too injured to fight recklessly!
Menkaure whispers, "From dust you came, to dust you will return."
Maggie points at you and mumbles some strange words.
The bolt of fire hits you!!
You die...

### #.# #.# #.#
#.#############
#..§§§§§M@@...#
###@###########.#####
#...# #.............#
#@### #.#######.###.#
#.# # #.# #.# ... #.#
#... #....# ##.##
#M.#@.!.. .#


You could see Maggie (mesmerising) and Menkaure (fast).

Vanquished Creatures
  5 ogres
  A phantom (D:5)
  A bullfrog (D:4)
  2 scorpions (D:4)
  Ijyb (D:5)
  Natasha (thrice) (D:2)
  An iguana (D:4)
  3 gnolls (D:5)
  4 adders
  An ufetubus (D:4)
  4 dart slugs
  2 orcs
  11 ball pythons
  4 bats
  3 endoplasms
  5 goblins
  9 hobgoblins
  6 jackals
  3 kobolds
  5 quokkas
  2 frilled lizards
  3 rats
79 creatures vanquished.

Notes
Turn   | Place    | Note
-------+----------+-------------------------------------------
     0 | D:1      | Mode7 the Minotaur Berserker began the quest for the Orb.
     0 | D:1      | Reached XP level 1. HP: 19/19 MP: 0/0
    80 | D:1      | Reached skill level 4 in Maces & Flails
   166 | D:1      | Reached XP level 2. HP: 26/26 MP: 1/1
   648 | D:2      | Noticed Natasha
   658 | D:2      | Killed Natasha
   659 | D:2      | Reached skill level 5 in Maces & Flails
   659 | D:2      | Reached XP level 3. HP: 7/31 MP: 2/2
  1086 | D:2      | Noticed Natasha
  1092 | D:2      | Killed Natasha
  1093 | D:2      | Reached skill level 6 in Maces & Flails
  1093 | D:2      | Reached XP level 4. HP: 38/39 MP: 3/3
  1571 | D:2      | Noticed Natasha
  1575 | D:2      | Killed Natasha
  2300 | D:3      | Reached ** piety under Trog
  2318 | D:3      | Reached XP level 5. HP: 45/45 MP: 4/4
  2366 | D:3      | Reached skill level 7 in Maces & Flails
  2656 | D:4      | Found an ornate altar of the Wu Jian Council.
  2747 | D:4      | Noticed an ogre
  2747 | D:4      | Noticed an ogre
  2757 | D:4      | Killed an ogre
  2759 | D:4      | Killed an ogre
  2760 | D:4      | Reached skill level 8 in Maces & Flails
  2760 | D:4      | Reached XP level 6. HP: 51/51 MP: 5/5
  2873 | D:4      | Reached skill level 9 in Maces & Flails
  2987 | D:4      | Reached XP level 7. HP: 46/57 MP: 6/6
  3128 | D:4      | Found an iron altar of Okawaru.
  3138 | D:4      | Reached skill level 10 in Maces & Flails
  3426 | D:4      | Found a staircase to the Ecumenical Temple.
  4011 | D:5      | Entered Level 5 of the Dungeon
  4162 | D:5      | Noticed Ijyb
  4177 | D:5      | Reached skill level 11 in Maces & Flails
  4269 | D:5      | Killed Ijyb
  4513 | D:5      | You fall into a shaft and drop 1 floor!
  4542 | D:6      | Noticed Menkaure
  4543 | D:6      | Noticed Maggie
  4563 | D:6      | Killed from afar by Maggie

Illustrated notes

Levels and vault maps discovered:
D:1:      saegor_arrival_simple_c, layout_basic
D:2:      layout_basic, uniq_natasha
D:3:      layout_rooms
D:4:      layout_loops_corners, nicolae_wu_jian_glorious_leap,
          okawaru_gym_becter, minmay_temple_entry_mini_moons, minmay_surrounded
D:5:      layout_basic, uniq_ijyb
D:6:      layout_basic, nicolae_overflow_two_pavilions, grunt_decor_one_mirror,
          uniq_sigmund, uniq_menkaure, uniq_blork_the_orc, uniq_maggie

Skill      XL: |  1  2  3  4  5  6  7 |
---------------+----------------------+-----
Maces & Flails | 4 5 6 8 9 11 | 11.3
Fighting       | |  3.6
Armour         | |  2.4
Dodging        | |  2.1

Action                     |  1- 3 |  4- 6 |  7- 9 || total
---------------------------+-------+-------+-------++-------
  Melee: Mace              |    40 |   102 |    69 ||   211
         Headbutt          |     6 |    17 |    13 ||    36
  Throw: Stone             |       |     1 |       ||     1
 Invoke: Berserk           |     2 |     2 |     3 ||     7
         Trog's Hand       |       |     1 |     1 ||     2
    Use: Scroll            |     7 |     2 |     3 ||    12
 Armour: Animal skin       |    11 |     2 |       ||    13
         Chain mail        |       |    51 |     9 ||    60
  Dodge: Dodged            |    33 |    31 |     8 ||    72
         Repelled          |     3 |       |     2 ||     5
  Block: Tower shield      |       |    52 |    29 ||    81
